 Dungeon Crawl Stone Soup version 0.26-a0-812-g31a745ddcd (webtiles) character file.

Game seed: 3655432351235049823

6933 kae the Carver (level 10, -1/93 HPs)
             Began as a Minotaur Fighter on Nov 25, 2020.
             Was a Follower of Qazlal.
             Slain by Urug
             ... wielding a +4 double sword of pain
              (12 damage)
             ... on level 10 of the Dungeon.
             The game lasted 00:05:53 (9257 turns).

kae the Carver (Minotaur Fighter)                   Turns: 9257, Time: 00:05:54

Health: -1/93      AC: 23    Str: 24    XL:     10   Next: 80%
Magic:  10/10      EV: 11    Int:  5    God:    Qazlal [*.....]
Gold:   583        SH: 14    Dex: 10    Spells: 9/9 levels left

rFire    + . .     SeeInvis .   H - +4 scimitar
rCold    . . .     Faith    .   E - +2 buckler
rNeg     . . .     Spirit   .   b - +0 scale mail
rPois    +         Reflect  +   (helmet restricted)
rElec    .         Harm     .   s - +2 cloak
rCorr    .         Rampage  .   z - +0 pair of gloves
MR       .....                  (no boots)
Stlth    ..........             n - amulet of reflection
HPRegen  0.25/turn              D - +4 ring of protection
MPRegen  0.12/turn              C - +4 ring of protection

@: lethally poisoned (-1 -> -2), studying Axes
A: retaliatory headbutt, horns 2, iridescent scales 1, fire resistance 1, poison
resistance
a: Renounce Religion


You were on level 10 of the Dungeon.
You worshipped Qazlal.
Qazlal was aware of your devotion.
You visited 2 branches of the dungeon, and saw 11 of its levels.
You also visited: Sewer.

You collected 583 gold pieces.

Inventory:

Hand Weapons
 a - a +1 long sword
 H - a +4 scimitar (weapon)
 I - a +0 great sword
Armour
 b - a +0 scale mail (worn)
 s - a +2 cloak (worn)
 z - a +0 pair of gloves (worn)
 E - a +2 buckler (worn)
Jewellery
 k - an uncursed ring of see invisible
 n - an amulet of reflection (around neck)
 C - a +4 ring of protection (right hand)
 D - a +4 ring of protection (left hand)
 N - an uncursed ring of positive energy
Wands
 c - a wand of disintegration (20)
 r - a wand of flame (46)
 x - a wand of polymorph (13)
 y - a wand of digging (8)
 M - a wand of iceblast (3)
Scrolls
 e - 5 scrolls of enchant weapon
 f - a scroll of holy word {unknown}
 g - 4 scrolls of magic mapping
 h - 2 scrolls of blinking
 i - 5 scrolls of teleportation
 l - a scroll of remove curse
 o - a scroll of fog
 p - 5 scrolls of identify
 u - 3 scrolls of amnesia
 w - 2 scrolls of fear
Potions
 d - 2 potions of might
 j - 5 potions of curing
 m - 2 potions of brilliance
 q - 3 potions of heal wounds
 t - 2 potions of flight
 v - 2 potions of berserk rage
 A - 2 potions of mutation
 B - 2 potions of ambrosia
 J - a potion of invisibility
 K - 2 potions of lignification
Books
 O - a manual of Axes


   Skills:
 + Level 9.8 Fighting
 * Level 12.9 Long Blades
 + Level 9.9 Armour
 + Level 2.6 Dodging
 - Level 7.2 Shields
 + Level 2.2 Invocations


You had 9 spell levels left.
You didn't know any spells.
Your spell library contained the following spells:

 Spells                   Type           Power        Failure   Level
 Confusing Touch          Hex            #.......     97%         3
 Gell's Gravitas          Tloc           #.........   97%         3
 Petrify                  Tmut/Erth      #.......     100%        4
 Metabolic Englaciation   Hex/Ice        #.........   100%        5
 Yara's Violent Unravell  Hex/Tmut       #.........   100%        5


Dungeon Overview and Level Annotations

Branches:
Dungeon (10/15)            Temple (1/1) D:4            Lair (0/6) D:9
    Orc (0/2) D:9           Sewer (visited)

Altars:
Ashenzari
Cheibriados
Elyvilon
Fedhas
Gozag
Hepliaklqana
Kikubaaqudgha
Makhleb
Nemelex Xobeh
Okawaru
Qazlal
Ru
Sif Muna
Trog
Uskayaw
Vehumet
Wu Jian
Xom
Yredelemnul
Zin
The Shining One

Annotations:
D:10 Urug


Innate Abilities, Weirdness & Mutations

You reflexively headbutt those who attack you in melee.
You have a pair of horns on your head.
You are partially covered in iridescent scales. (AC +2)
Your flesh is heat resistant. (rF+)
Your system is resistant to poisons. (rPois)


Message History

You block the big kobold's attack.
You slice the big kobold!!
You kill the big kobold!
Qazlal accepts your kill.
Urug throws a javelin.
The javelin pierces through you!!
* * * LOW HITPOINT WARNING * * *
You slice the kobold!!
You kill the kobold!
Qazlal accepts your kill.
You feel sick.
Urug throws a javelin.
The javelin completely misses you.
Urug hits you with a +4 double sword of pain!
* * * LOW HITPOINT WARNING * * *
You writhe in agony.
* * * LOW HITPOINT WARNING * * *
Items here: $ (( )) [ ††.
You hit Urug.
Urug is lightly wounded.
You feel sick.
Urug hits you with a +4 double sword of pain!
You die...

########################
........o@†....(.......#
........(#############.#
......)..# #.#
......)..# #.#
.........# #.#
.........#############.#
.......................#
#......................#
#......................#


You could see Urug.

Vanquished Creatures
  A two-headed ogre (D:9)
  Pikel (D:4)
  A hornet (D:10)
  Prince Ribbit (D:5)
  A wyvern (D:9)
  Eustachio (D:4)
  Duvessa (D:6)
  A hornet zombie (D:8)
  2 black bears
  5 orc warriors
  2 phantoms
  A sky beast (D:6)
  2 necrophages (D:8)
  5 ogres
  A centaur (D:7)
  A lemure (D:3)
  6 big kobolds
  A wyvern zombie (D:10)
  7 bullfrogs
  A water moccasin zombie (D:6)
  Dowan (D:6)
  A wyvern skeleton (D:6)
  A scorpion (D:6)
  A water moccasin skeleton (D:6)
  13 wights
  2 howler monkeys
  A bullfrog zombie (D:6)
  2 jellies (D:8)
  2 quasits (D:6)
  3 hounds
  A centaur skeleton (D:8)
  8 orc priests
  Crazy Yiuf (D:2)
  10 orc wizards
  2 bullfrog skeletons
  Ijyb (D:5)
  Natasha (thrice) (D:4)
  10 worker ants
  2 hound zombies
  A hound skeleton (D:8)
  A worker ant zombie (D:7)
  A howler monkey skeleton (D:8)
  10 adders
  4 gnolls (D:8)
  A river rat (Sewer)
  A shadow imp (D:6)
  A white imp (D:9)
  An ufetubus (D:4)
  An ooze (Sewer)
  An adder skeleton (D:6)
  4 worms
  A dart slug (D:3)
  5 leopard geckos
  43 orcs
  5 giant cockroaches
  4 goblins
  7 hobgoblins
  21 jackals
  6 quokkas
  6 ball pythons
  5 bats
  6 frilled lizards
  35 kobolds
  A leopard gecko skeleton (D:7)
  A quokka zombie (D:5)
  10 rats
290 creatures vanquished.

Vanquished Creatures (others)
  A bush (D:8)
  13 plants (D:8)
14 creatures vanquished.

Grand Total: 304 creatures vanquished

Notes
Turn   | Place    | Note
-------+----------+-------------------------------------------
     0 | D:1      | kae the Minotaur Fighter began the quest for the Orb.
     0 | D:1      | Reached XP level 1. HP: 19/19 MP: 0/0
   236 | D:1      | Reached XP level 2. HP: 27/27 MP: 1/1
   335 | D:1      | Reached skill level 3 in Long Blades
  1061 | D:2      | Reached XP level 3. HP: 33/33 MP: 2/2
  1142 | D:2      | Found a sacrificial altar of Ru.
  1248 | D:2      | Found a runed translucent door.
  1249 | D:2      | Noticed Crazy Yiuf
  1285 | D:2      | Found a shimmering blue altar of Sif Muna.
  1414 | D:2      | Reached XP level 4. HP: 39/40 MP: 3/3
  1669 | D:2      | Killed Crazy Yiuf
  1669 | D:2      | Reached skill level 4 in Long Blades
  1791 | D:3      | You fall into a shaft and drop 2 floors!
  1791 | D:5      | Entered Level 5 of the Dungeon
  1864 | D:4      | Noticed Eustachio
  1911 | D:4      | Killed Eustachio
  1911 | D:4      | Reached skill level 5 in Long Blades
  1911 | D:4      | Reached XP level 5. HP: 29/47 MP: 4/4
  1911 | D:4      | Reached XP level 6. HP: 34/55 MP: 5/5
  2093 | D:4      | Noticed Pikel
  2143 | D:3      | Gained mutation: Your flesh is heat resistant. (rF+)
                  | [potion of mutation]
  2143 | D:3      | Gained mutation: You are partially covered in iridescent
                  | scales. (AC +2) [potion of mutation]
  2143 | D:3      | Gained mutation: Your system is resistant to poisons.
                  | (rPois) [potion of mutation]
  2156 | D:3      | Found a glowing drain.
  2178 | Sewer    | Entered a sewer
  2228 | Sewer    | Reached skill level 5 in Fighting
  2228 | Sewer    | Reached skill level 5 in Armour
  2228 | Sewer    | Reached skill level 5 in Shields
  2389 | Sewer    | Reached skill level 6 in Long Blades
  2389 | Sewer    | Reached XP level 7. HP: 59/61 MP: 6/6
  2593 | D:3      | Found a shimmering altar of Xom.
  3116 | D:4      | Found a hazy altar of Hepliaklqana.
  3294 | D:4      | Found a staircase to the Ecumenical Temple.
  3318 | D:4      | Reached skill level 7 in Long Blades
  3373 | D:4      | Killed Pikel
  3373 | D:4      | Reached skill level 8 in Long Blades
  3373 | D:4      | Reached XP level 8. HP: 17/71 MP: 7/7
  3725 | D:4      | Noticed Natasha
  3732 | D:4      | Killed Natasha
  3949 | D:4      | Noticed Natasha
  3954 | D:4      | Killed Natasha
  3974 | D:4      | Noticed Natasha
  3980 | D:4      | Killed Natasha
  4259 | D:5      | Found a snail-covered altar of Cheibriados.
  4273 | D:5      | Noticed Prince Ribbit
  4284 | D:5      | Killed Prince Ribbit
  4555 | D:5      | Noticed Ijyb
  4564 | D:5      | Killed Ijyb
  4587 | D:5      | Reached skill level 9 in Long Blades
  5095 | D:6      | Reached XP level 9. HP: 41/79 MP: 8/8
  5359 | D:6      | Reached skill level 10 in Long Blades
  5551 | D:6      | Noticed Duvessa
  5551 | D:6      | Noticed Dowan
  5557 | D:6      | Killed Duvessa
  5583 | D:6      | Killed Dowan
  5949 | D:7      | Reached skill level 11 in Long Blades
  6089 | D:7      | Noticed a +0 hand axe
  6090 | D:7      | Found a hide-covered altar of Uskayaw.
  6090 | D:7      | Noticed a -2 dagger
  6449 | D:7      | Reached XP level 10. HP: 75/90 MP: 9/9
  7229 | D:8      | Found a blossoming altar of Fedhas.
  7355 | D:8      | Reached skill level 12 in Long Blades
  7748 | D:8      | Found a glowing silver altar of Zin.
  7748 | D:8      | Found a burning altar of Makhleb.
  7749 | D:8      | Noticed an Executioner
  7749 | D:8      | Noticed an angel
  8007 | Temple   | Entered the Ecumenical Temple
  8068 | Temple   | Became a worshipper of Qazlal Stormbringer
  8279 | D:9      | Found a snail-covered altar of Cheibriados.
  8337 | D:9      | Found an ancient bone altar of Kikubaaqudgha.
  8369 | D:9      | Reached skill level 1 in Dodging
  8378 | D:9      | Found a staircase to the Lair.
  8403 | D:9      | Found an iron altar of Okawaru.
  8548 | D:9      | Noticed a two-headed ogre
  8559 | D:9      | Killed a two-headed ogre
  8559 | D:9      | Reached skill level 1 in Invocations
  8827 | D:9      | Found a staircase to the Orcish Mines.
  8883 | D:9      | Found an iron altar of Okawaru.
  9132 | D:10     | Entered Level 10 of the Dungeon
  9232 | D:10     | Noticed Urug
  9250 | D:10     | Reached * piety under Qazlal
  9257 | D:10     | Slain by Urug

Illustrated notes

Levels and vault maps discovered:
D:1:      erik_arrival_triangle_medium, layout_basic
D:2:      layout_rooms, lemuel_blue_sif_altar,
          nicolae_ru_great_annihilating_truth, uniq_crazy_yiuf_cottage
D:3:      layout_loops_ring, xom_teletrap_fun, portal_sewer_entry_d
D:4:      layout_cave_pods, lemuel_crystal_altar, temple_hall, uniq_pikel,
          uniq_natasha, uniq_eustachio
D:5:      layout_gridville, basic_altar, uniq_ijyb, uniq_prince_ribbit1
D:6:      layout_rooms, uniq_duvessa
D:7:      layout_basic, dancing_weapons_uskayaw
D:8:      layout_cave_pools, grunt_temple_overflow_order_and_chaos_2,
          fedhas_altar_decomposition, minmay_manual_mullet
D:9:      layout_irregular_city, nicolae_overflow_hidden_temple,
          lair_entry_dummy, orc_0_dummy, okawaru_ov_weapons_minmay
D:10:     layout_long_grid, uniq_erica, uniq_urug
Temple:   cyrus_temple_forest

Skill      XL: |  1  2  3  4  5  6  7  8  9 10 |
---------------+-------------------------------+-----
Long Blades    | 3 5 6 8 9 11 12 | 12.9
Shields        | 4 5 6 7 |  7.2
Armour         | 4 5 6 7 8 9 |  9.9
Fighting       | 4 5 6 7 8 9 |  9.8
Dodging        | 2 |  2.6
Invocations    | 2 |  2.2

Action                   |  1- 3 |  4- 6 |  7- 9 | 10-12 || total
-------------------------+-------+-------+-------+-------++-------
Melee: Long sword        |    78 |   226 |   323 |       ||   627
       Headbutt          |    14 |    20 |    73 |    43 ||   150
       Scimitar          |       |       |    50 |   222 ||   272
  Use: Scroll            |     9 |       |     5 |     7 ||    21
       Potion            |       |     7 |       |       ||     7
 Stab: Paralysed         |     1 |       |       |       ||     1
Armor: Scale mail        |    33 |    98 |   136 |    66 ||   333
       Skin              |       |     5 |       |       ||     5
Dodge: Dodged            |    21 |    48 |    94 |    59 ||   222
Block: Kite shield       |    38 |   178 |   128 |       ||   344
       Reflection        |     1 |     1 |     2 |     8 ||    12
       Buckler           |       |       |   120 |   119 ||   239
       Rpst.: Long sword |     4 |     9 |    20 |       ||    33
       Scimitar          |       |       |     2 |    18 ||    20

Table legend: (Time is in decaauts)
 A = Elapsed time spent in this place.
 B = Non-inter-level travel time spent in this place.
 C = Inter-level travel time spent in this place.
 D = Time resting spent in this place.
 E = Time spent auto-exploring this place.
 F = Levels seen in this place.
 G = Mean time per level.
                   A        B        C        D        E       F      G
               +--------+--------+--------+--------+--------+-----+--------+
         Total |   9379 |   8508 |    871 |    328 |   6419 |  12 |  781.6 |
       Dungeon |   8843 |   7995 |    848 |    328 |   6178 |  10 |  884.3 |
        Temple |     83 |     61 |     22 |      0 |     57 |   1 |   83.0 |
         Sewer |    452 |    452 |      0 |      0 |    183 |   1 |  452.0 |
               +--------+--------+--------+--------+--------+-----+--------+

Top non-repeatable levels by time:
     D:4: 1628 daAuts
     D:7: 1232 daAuts
     D:1: 1077 daAuts
     D:5: 1073 daAuts
     D:9: 890 daAuts
     D:8: 762 daAuts
     D:3: 710 daAuts
     D:6: 683 daAuts
     D:2: 672 daAuts
   Sewer: 452 daAuts
    D:10: 111 daAuts
  Temple: 83 daAuts
